Cogmind - Beta 15 @@@ ROGUE MODE // 2025.05.19 @ 23:14:17 Player: Figgis Result: Self-destructed Performance ------------- Evolutions (2) 1000 Regions Visited (5) 1000 Robots Destroyed (39) 195 Value Destroyed (1182) 1182 Prototype IDs (23) 460 Alien Tech Used (0) 0 Bonus (300) 300 TOTAL SCORE: 4137 Bonus ------- Aligned with FarCom 300 Cogmind --------- Core Integrity 479/550 Matter 300/300 Energy 240/240 System Corruption 0% Temperature Cool (0) Movement Walking (120) Location -8/Materials Parts ------- > --- POWER (1) -------- Nuclear Core > --- PROPULSION (4) --- Aluminum Leg Aluminum Leg Aluminum Leg Aluminum Leg > --- UTILITY (4) ------ Large Storage Unit Visual Processing Unit Improved Terrain Scanner Improved Terrain Scan Processor > --- WEAPON (2) ------- AWS/Thermal > --- INVENTORY (15) --- Nuclear Core Nuclear Core Nuclear Core Nuclear Core Improved Aluminum Leg Carbon-fiber Leg Trap Reconfigurator Army-in-a-Box (30/30) Heavy Assault Rifle Mining Laser Peak State ------------ > --- POWER ------------ Nuclear Core > --- PROPULSION ------- Aluminum Leg Aluminum Leg Aluminum Leg Aluminum Leg > --- UTILITY ---------- Large Storage Unit Visual Processing Unit Improved Terrain Scanner Hacking Suite > --- WEAPON ----------- AWS/Thermal > --- INVENTORY -------- Nuclear Core Nuclear Core Nuclear Core Nuclear Core Carbon-fiber Leg Trap Reconfigurator Army-in-a-Box Light Assault Rifle Mining Laser [Rating: 40] Favorites ----------- Power Ion Engine Engine Ion Engine Power Core Nuclear Core Propulsion Aluminum Leg Leg Aluminum Leg Utility Large Storage Unit Device Improved Terrain Scanner Storage Large Storage Unit Processor Visual Processing Unit Hackware Hacking Suite Weapon Light Assault Rifle Energy Gun AWS/Thermal Ballistic Gun Light Assault Rifle Special Weapon Mining Laser Build | -11 -10 -10 -10 -9 -8 ------- Run | Yrd Mat Min Exi Min Mat Slots Evolved 4 | . . . . . 4 Power . | . . . . . . Propulsion 2 | . . . . . 2 Utility 2 | . . . . . 2 Weapon . | . . . . . . Parts Attached 34 | 6 5 1 3 8 11 Power 4 | 1 . . . 2 1 Engine 2 | 1 . . . 1 . Core 2 | . . . . 1 1 Reactor . | . . . . . . Propulsion 16 | 2 3 . 2 4 5 Treads . | . . . . . . Leg 16 | 2 3 . 2 4 5 Wheel . | . . . . . . Hover . | . . . . . . Flight . | . . . . . . Utility 8 | 1 2 1 . . 4 Device 2 | . . 1 . . 1 Storage 3 | 1 2 . . . . Processor 2 | . . . . . 2 Hackware 1 | . . . . . 1 Protection . | . . . . . . Artifact . | . . . . . . Weapon 6 | 2 . . 1 2 1 Energy Gun 1 | . . . . . 1 Energy Cannon . | . . . . . . Ballistic Gun 4 | 2 . . 1 1 . Ballistic Cannon . | . . . . . . Launcher . | . . . . . . Special Weapon 1 | . . . . 1 . Impact Weapon . | . . . . . . Slashing Weapon . | . . . . . . Piercing Weapon . | . . . . . . Special Melee Weapon . | . . . . . . Unidentified Prototypes . | . . . . . . Parts Lost 7 | . 1 . . 4 2 Power . | . . . . . . Propulsion 4 | . 1 . . 1 2 Utility 1 | . . . . 1 . Weapon 2 | . . . . 2 . Highest Loss Streak 2 | . 1 . . 2 1 To Critical Strikes 1 | . . . . . 1 Average Backups 8 | 2 4 8 9 8 9 Power 2 | 1 1 1 2 2 3 Propulsion 3 | . 2 5 4 3 1 Utility 1 | . . . . 2 2 Weapon 1 | . 1 2 2 1 1 Tool/Special . | . . . . . . Unused Backups 14 | . . . 1 2 11 Power 7 | . . . . 1 6 Propulsion 3 | . . . . 1 2 Utility 2 | . . . . . 2 Weapon 2 | . . . 1 . 1 Tool/Special . | . . . . . . Average Slot Usage (%) 91 | . 84 96 100 95 85 Engine 7 | . 14 14 14 2 . Core 4 | . . . . 11 8 Leg 30 | . 27 28 28 27 35 Device 8 | . . 10 14 11 5 Storage 12 | . 14 14 14 14 9 Processor 3 | . . . . . 13 Energy Gun 2 | . . . . . 8 Ballistic Gun 19 | . 28 28 28 26 . Peak Build Rating 40 | 6 7 10 17 19 40 Average Rating 19 | 2 5 8 13 17 37 On Entrance 8 | . 6 6 10 17 14 Naked Turns . | . . . . . . Heaviest Build 36 | 13 28 29 29 28 36 Greatest Support 40 | 20 20 20 20 20 40 Greatest Overweight (x) 2 | . 1 1 1 2 1 Average Overweight (x) . | . . 1 1 1 . Largest Inventory Capacity 15 | 8 15 15 15 15 15 Average Capacity 14 | 5 8 15 15 15 15 Most Carried 15 | 5 9 10 15 15 15 Average Carried 11 | 3 4 8 12 14 14 Final Capacity 15 | 8 15 15 15 15 15 Final Carried 15 | 2 8 10 15 15 15 Class Distribution -------------------- 55% | Mutant 19% | Skirmisher 15% | Scavenger-Skirmisher 9% | Scavenger-Mutant Dominant Class ---------------- Mutant | -10/Materials Mutant | -10/Mines Mutant | -10/Exiles Scavenger-Skirmisher | -9/Mines Skirmisher | -8/Materials Resources | -11 -10 -10 -10 -9 -8 ----------- Run | Yrd Mat Min Exi Min Mat Matter Collected 749 | 215 124 120 . 165 125 Remotely . | . . . . . . Salvage Created 1335 | . 329 34 . 270 702 Parts 88 | . 25 3 . 15 45 Haulers Intercepted . | . . . . . . Recyclers Shooed 1 | . 1 . . . . Parts Field Recycled . | . . . . . . Retrieved Matter . | . . . . . . Parts Self-Destructed . | . . . . . . Prevented . | . . . . . . Kills | -11 -10 -10 -10 -9 -8 ------- Run | Yrd Mat Min Exi Min Mat Combat Hostiles Destroyed 33 | . 12 1 . 7 13 Guns 33 | . 12 1 . 7 13 Classes Destroyed 7 | . 2 . . . 5 Mechanic 1 | . . . . . 1 Operator 1 | . . . . . 1 Watcher 4 | . . . . . 4 Swarmer 10 | . 6 . . . 4 Grunt 17 | . 6 1 . 7 3 Sentry 4 | . . . . . 4 Hunter 2 | . . . . . 2 Best Kill Streak 6 | . 6 1 . 3 6 Combat Bots Only 6 | . 6 1 . 3 4 Max Kills in Single Turn 1 | . 1 1 . 1 1 Gunslinging . | . . . . . . Exploded . | . . . . . . Melee . | . . . . . . Uniques/NPCs Destroyed . | . . . . . . Combat | -11 -10 -10 -10 -9 -8 -------- Run | Yrd Mat Min Exi Min Mat Hostile Shots Fired 176 | . 43 13 . 80 40 Missed 53 | . 13 3 . 26 11 Hits 123 | . 30 10 . 54 29 Projectile 123 | . 30 10 . 54 29 Critical Strikes 3 | . . . . 2 1 Damage Taken 1503 | . 304 139 . 674 386 Core 278 | . 70 . . 137 71 Absorbed by Shields . | . . . . . . Core Remaining (%) 58 | 100 . . . 17 . Volleys Fired 79 | . 30 6 . 43 . Largest 2 | . 2 2 . 2 . Hottest 120 | . 40 40 . 120 . Shots Fired 230 | . 60 12 . 81 77 Gun 228 | . 60 12 . 79 77 Cannon . | . . . . . . Launcher . | . . . . . . Special 2 | . . . . 2 . Kinetic 151 | . 60 12 . 79 . Thermal 79 | . . . . 2 77 Explosive . | . . . . . . Electromagnetic . | . . . . . . Robot Hit Streak 13 | . 8 12 . 13 10 Robot Miss Streak 5 | . 5 . . 1 3 Penetration Max . | . . . . . . Secondary Targets 2 | . 1 . . 1 . Max Gunslinging Chain 1 | . 1 . . 1 . Autonomous 78 | . . . . . 78 Shots Hit Robots 149 | . 30 11 . 51 57 Core Hits 63 | . 20 4 . 18 21 Critical Kills . | . . . . . . Critical Parts Destroyed . | . . . . . . Critical Strikes . | . . . . . . Melee Attacks . | . . . . . . Impact . | . . . . . . Slashing . | . . . . . . Piercing . | . . . . . . Sneak Attacks . | . . . . . . Combat Hostiles . | . . . . . . Follow-up Attacks . | . . . . . . Damage Inflicted 2627 | . 342 119 . 435 1731 Guns 2627 | . 342 119 . 435 1731 Cannons . | . . . . . . Explosions . | . . . . . . Melee . | . . . . . . Ramming . | . . . . . . Kinetic 896 | . 342 119 . 435 . Thermal 1731 | . . . . . 1731 Explosive . | . . . . . . Electromagnetic . | . . . . . . Impact . | . . . . . . Slashing . | . . . . . . Piercing . | . . . . . . Highest Corruption . | . . . . . . Average Corruption . | . . . . . . Corruption Purged . | . . . . . . Corruption Blocked . | . . . . . . Overload Shots . | . . . . . . Overflow Damage . | . . . . . . Projectiles . | . . . . . . Explosions . | . . . . . . Melee . | . . . . . . Knockbacks . | . . . . . . Impact . | . . . . . . Kinetic . | . . . . . . Secondary . | . . . . . . Self-Inflicted Damage . | . . . . . . Shots . | . . . . . . Rammed . | . . . . . . Targets Rammed . | . . . . . . Kicked . | . . . . . . Crushed . | . . . . . . Highest Temperature 114 | . 18 19 . 114 . Average Temperature 17 | . 8 11 . 20 . Received Heat Transfer 630 | . 102 78 . 369 81 Siege Activations . | . . . . . . Martial Activations . | . . . . . . Shielding Activations . | . . . . . . Robots Disrupted . | . . . . . . Combat Hostiles . | . . . . . . Robots Corrupted . | . . . . . . Combat Hostiles . | . . . . . . Parts Fried . | . . . . . . Impact Corruptions . | . . . . . . Robots Melted . | . . . . . . Combat Hostiles . | . . . . . . Parts Melted 4 | . . . . . 4 Heat Transferred 2183 | . . . . . 2183 Parts Sabotaged . | . . . . . . Parts Stolen . | . . . . . . Parts Stripped . | . . . . . . Power Chain Reactions . | . . . . . . Alert | -11 -10 -10 -10 -9 -8 ------- Run | Yrd Mat Min Exi Min Mat Maximum Alert Level 1 | . 1 . . . . Low Security (%) 99 | 100 95 100 . 100 100 Level 1 . | . 4 . . . . Level 2 . | . . . . . . Level 3 . | . . . . . . Level 4 . | . . . . . . Level 5 . | . . . . . . High Security . | . . . . . . Max Security . | . . . . . . Peak Influence 211 | . 211 66 . 50 135 Initial 66 | . . 66 . . 5 Average 35 | . 81 6 . 9 57 Influence Increases 931 | . 325 20 . 157 429 Destroy 0b10 Robot/C 660 | . 240 20 . 140 260 Destroy 0b10 Robot/NC 30 | . . . . . 30 Destroy Leader 138 | . 50 . . 10 78 Successful Hack 44 | . 20 . . 5 19 Disable Machine 30 | . . . . . 30 Destroy Structure 14 | . . . . 2 12 Lose Combat Pursuer 15 | . 15 . . . . Influence Decreases 920 | . 154 191 . 141 434 Entered New Map 116 | . . 105 . . 11 Time Decay 764 | . 144 86 . 131 403 Lost Part 40 | . 10 . . 10 20 Squads Dispatched 5 | . 2 . . . 3 Investigation 2 | . 1 . . . 1 Extermination . | . . . . . . Reinforcement 3 | . 1 . . . 2 Assault . | . . . . . . Garrison . | . . . . . . Intercept . | . . . . . . Searches Triggered . | . . . . . . Construction Impeded . | . . . . . . Haulers Reinforced . | . . . . . . Active Scanning Responses . | . . . . . . Cargo Convoy Interrupts . | . . . . . . Stealth | -11 -10 -10 -10 -9 -8 --------- Run | Yrd Mat Min Exi Min Mat Distress Signals 1 | . . . . . 1 Communications Jammed . | . . . . . . Distress Signals . | . . . . . . Times Spotted 45 | . 16 4 . 8 17 Peak Tracking Total 5 | . 5 2 . 3 3 Tactical Retreats 2 | . 1 1 . . . Traps | -11 -10 -10 -10 -9 -8 ------- Run | Yrd Mat Min Exi Min Mat Traps Triggered 1 | . 1 . . . . Indirectly . | . . . . . . Trap Hack Attempts . | . . . . . . Triggered . | . . . . . . Disarmed . | . . . . . . Reprogrammed . | . . . . . . Reused . | . . . . . . Traps Extracted . | . . . . . . Installed . | . . . . . . Triggered . | . . . . . . Machines | -11 -10 -10 -10 -9 -8 ---------- Run | Yrd Mat Min Exi Min Mat Machines Disabled 2 | . . . . . 2 Max in Single Turn 1 | . . . . . 1 Machines Repaired . | . . . . . . Machines Dismantled . | . . . . . . Machines Sabotaged . | . . . . . . Overloaded Fab Kills . | . . . . . . Hacking | -11 -10 -10 -10 -9 -8 --------- Run | Yrd Mat Min Exi Min Mat Machines Accessed 13 | . 4 . 1 1 7 Terminals 12 | . 4 . . 1 7 Fabricators . | . . . . . . Repair Stations . | . . . . . . Recycling Units . | . . . . . . Scanalyzers . | . . . . . . Garrison Access . | . . . . . . Total Hacks 37 | . 13 . 1 2 21 Successful 15 | . 4 . 1 2 8 Failed 21 | . 8 . . . 13 Catastrophic 3 | . . . . . 3 Database Lockouts 1 | . 1 . . . . Manual 25 | . 12 . 1 . 12 Terminals 36 | . 13 . . 2 21 Fabricators . | . . . . . . Repair Stations . | . . . . . . Recycling Units . | . . . . . . Scanalyzers . | . . . . . . Garrison Access . | . . . . . . Terminal Hacks 14 | . 3 . 1 2 8 Record 1 | . . . . 1 . Robot Analysis 2 | . 1 . . . 1 Branch Access Points 2 | . 1 . . . 1 Terminal Index 2 | . 1 . . . 1 Alert Level 1 | . . . . . 1 Locate Traps 1 | . . . . . 1 Hauler Manifests 1 | . . . . . 1 Registered Components 1 | . . . . . 1 Zone Layout 2 | . . . . 1 1 Proto ID Catalog 1 | . . . 1 . . Fabricator Hacks . | . . . . . . Repair Station Hacks . | . . . . . . Recycling Unit Hacks . | . . . . . . Scanalyzer . | . . . . . . Garrison Access Hacks . | . . . . . . Unauthorized Hacks 1 | . 1 . . . . Terminals 1 | . 1 . . . . Operators 1 | . 1 . . . . Fabricators . | . . . . . . Repair Stations . | . . . . . . Recycling Units . | . . . . . . Scanalyzers . | . . . . . . Garrison Access . | . . . . . . Data Cores Recovered 1 | . . . . . 1 Used 1 | . . . . . 1 Hacking Detections 10 | . 3 . . . 7 Full Trace Events 2 | . . . . . 2 Feedback Events . | . . . . . . Feedback Blocked . | . . . . . . Robot Schematics Acquired . | . . . . . . Robots Built . | . . . . . . Authchips . | . . . . . . Time . | . . . . . . Total Robot Build Rating . | . . . . . . Part Schematics Acquired . | . . . . . . Parts Built . | . . . . . . Authchips . | . . . . . . Time . | . . . . . . Total Part Build Rating . | . . . . . . Parts Repaired . | . . . . . . Time . | . . . . . . Parts Recycled . | . . . . . . Recycled Matter . | . . . . . . Retrieved Matter . | . . . . . . Retrieved Components . | . . . . . . Parts Scanalyzed . | . . . . . . Part Schematics Acquired . | . . . . . . Parts Damaged . | . . . . . . Bothacking | -11 -10 -10 -10 -9 -8 ------------ Run | Yrd Mat Min Exi Min Mat Used RIF Installer . | . . . . . . Robots Hacked . | . . . . . . Non-combat . | . . . . . . Combat . | . . . . . . Robot Hacks Applied . | . . . . . . Relay Couplers Released . | . . . . . . Fabnet Peak Effective % . | . . . . . . Robots Rewired . | . . . . . . Allies Hacked . | . . . . . . Hacks Repelled . | . . . . . . Allies | -11 -10 -10 -10 -9 -8 -------- Run | Yrd Mat Min Exi Min Mat Total Allies 1 | . . . . 1 . Largest Group 1 | . . . . 1 . Highest-Rated Group 31 | . . . . 31 . Highest-Rated Ally 31 | . . . . 31 . Total Orders . | . . . . . . Ally Attacks . | . . . . . . Total Damage . | . . . . . . Kills . | . . . . . . Allies Corrupted . | . . . . . . Allies Melted . | . . . . . . Intel | -11 -10 -10 -10 -9 -8 ------- Run | Yrd Mat Min Exi Min Mat Active Infowar (turns) 2583 | . . 673 441 559 910 Optics 910 | . . . . . 910 Terrain 2369 | . . 673 441 559 696 Robot Analysis Total 2 | . 1 . . . 1 Derelict Logs Recovered 3 | . . 1 . 2 . Drone Launches . | . . . . . . Drone Recoveries . | . . . . . . Exploration | -11 -10 -10 -10 -9 -8 ------------- Run | Yrd Mat Min Exi Min Mat Turns Passed 3593 | 32 498 866 441 708 1048 Spaces Moved 1822 | 36 224 427 228 242 665 Core 35 | 35 . . . . . Treads . | . . . . . . Legs 1787 | 1 224 427 228 242 665 Wheels . | . . . . . . Hover . | . . . . . . Flight . | . . . . . . Fastest Speed 50 | 50 120 190 190 190 120 Average Speed 157 | 51 125 190 190 191 129 Slowest Speed 260 | 120 190 190 190 260 190 Overloaded Moves . | . . . . . . Propulsion Burnouts . | . . . . . . Robots Hopped . | . . . . . . Potential Cave-ins 5 | . . 5 . . . Cave-ins Triggered . | . . . . . . Exploration Rate (%) 46 | 4 53 70 59 56 36 Regions Visited 5 Branch Regions 3 Pre-discovered Areas 1 | . . 1 . . . Known Exits Taken 1 | . 1 . . . . Unknown Exits Taken 4 | 1 . 1 1 1 . Scrap Searched 3 | . . 1 . 2 . Spaces Dug . | . . . . . . Terrain Destroyed 14 | . . . . 2 12 Melee . | . . . . . . Projectile 14 | . . . . 2 12 AOE . | . . . . . . Terrain Rammed . | . . . . . . Walls Destroyed . | . . . . . . Machines Disabled . | . . . . . . Actions | -11 -10 -10 -10 -9 -8 --------- Run | Yrd Mat Min Exi Min Mat Total 2418 | 49 387 471 237 420 854 Wait 427 | . 115 35 . 117 160 Move 1817 | 35 223 426 227 241 665 Hop . | . . . . . . Pick Up 37 | 8 10 3 3 5 8 Fast Attach 6 | . 1 . . 2 3 Attach 17 | 6 2 1 . 2 6 Detach 2 | . . . . . 2 Swap 12 | . 2 . 3 4 3 Drop 21 | . 4 . 4 6 7 Fire 79 | . 30 6 . 43 . Melee . | . . . . . . Ram . | . . . . . . Kick . | . . . . . . Crush . | . . . . . . Escape Stasis . | . . . . . . Rewire . | . . . . . . Trap . | . . . . . . Miscellaneous . | . . . . . . Route ------- -11/Scrapyard -10/Materials (discovered 2 exits: *Min x2) -10/Mines -10/Exiles -9/Mines -8/Materials History --------- Turn | Location | Event 12 | -11/Scrapyard | Discovered new exit (range 16) 33 | -11/Scrapyard | Entered Materials 73 | -10/Materials | Identified exit to Mines 300 | -10/Materials | Build established: Mutant 451 | -10/Materials | Central database locked down 531 | -10/Materials | Entered Mines 532 | -10/Mines | Assembled infested the area 544 | -10/Mines | Met a Derelict bent on vengeance 786 | -10/Mines | Learned location of Zion (-6) 1389 | -10/Mines | Deemed a non-threat by the Exiles lab entrance 1389 | -10/Mines | Discovered new exit (range 5) 1397 | -10/Mines | Entered Exiles 1443 | -10/Exiles | Met 8R-AWN 1477 | -10/Exiles | Met EX-HEX 1544 | -10/Exiles | Met EX-BIN 1565 | -10/Exiles | Aligned with FarCom system 1567 | -10/Exiles | Given EX-Vault access code 1610 | -10/Exiles | Opened EX-Vault 1624 | -10/Exiles | Found Trap Reconfigurator 1632 | -10/Exiles | Found AWS/Thermal 1645 | -10/Exiles | Found Army-in-a-Box 1681 | -10/Exiles | Warned to stay clear of 0b10 Research branches 1736 | -10/Exiles | Met EX-DEC 1815 | -10/Exiles | Discovered new exit (range 12) 1838 | -10/Exiles | Stole three prototypes: Trap Reconfigurator, Army-in-a-Box, AWS/Thermal 1838 | -10/Exiles | Entered Mines 1875 | -9/Mines | Core integrity fell below 50% 1991 | -9/Mines | Learned Materials trap positions 2006 | -9/Mines | Received a Mining Laser from a helpful Derelict 2010 | -9/Mines | Learned 4 Materials zone layouts 2159 | -9/Mines | Discovered new exit (range 11) 2171 | -9/Mines | Received a Rocket Launcher from a helpful Derelict 2200 | -9/Mines | Build established: Scavenger-Skirmisher 2254 | -9/Mines | Excavation squad dispatched 2254 | -9/Mines | A large section of the Mines collapsed 2529 | -9/Mines | Core integrity fell below 20% 2546 | -9/Mines | Entered Materials 2546 | -8/Materials | Evolved 4 slots: Propulsion x2, Utility x2 2548 | -8/Materials | Loaded intel: 23 trap records 2850 | -8/Materials | Build established: Scavenger-Mutant 3241 | -8/Materials | Build established: Skirmisher 3594 | -8/Materials | AWS/Thermal suddenly broke down 3594 | -8/Materials | Self-destructed Last Messages --------------- 03207_ ALERT: Suspicious activity at Terminal M006. Dispatching Investigation squad. 03215_ Destroyed Lgt. Armor Plating. 03216_ Heat Sink melted. 03216_ Y-45 Defender destroyed. 03252_ Dropped Aluminum Leg. 03254_ Acquired 10 matter. 03258_ Dropped Aluminum Leg. 03259_ Acquired 10 matter. 03290_ R-06 Scavenger collects Aluminum Leg. 03394_ K-01 Serf cleans the Atomic Centrifuge. 03465_ K-01 Serf cleans the Terminal. 03510_ U-05 Engineer builds a Wall. 03511_ Destroyed Lgt. Armor Plating. 03512_ Y-45 Defender heat short circuits Lgt. Treads. 03514_ Imp. Ion Engine melted. 03514_ Lgt. Treads melted. 03514_ Y-45 Defender destroyed. 03540_ R-06 Scavenger collects Hvy. Assault Rifle. 03594_ AWS/Thermal suddenly breaks down. Map ----- +----------------------------------------------------+ | | | | | | | | | | | ##??#?##?###?###?#???????????????????????????????? | | #??#?########?##??#??????????????????????????????? | | ??##?#?##?#?##?###???#???????????????????????????? | | #########?#######?####???????????????????????????? | | !! #####??##?####?##??#?#????????????????????????? | | !! #?###############???###?#??#?#????????????????? | | !! #??#########?#######?##?##???#????????????????? | | ###?######?#########?#?####?????#?????????????? | | #?##?####?######?####?#???##?#??#?????????????? | | ###############?#??####?#?#?#?#?#??#??????????? | | #+######?######?#####?####?#?#?#####?????????????? | | # #######?##############?###??##????##???????????? | | # ########## ######?###?###???? "???????????? | | # ########## """ ########???###????""???? ??????? | | + """ ######??####?#??# ?????????????? | | ########## """ ##?###?##?######??? ???????????? | | ########## #####?#?#?#??#?## ???? ????? | | ########## #?#########?##???#???##????????? | | # #############+############################?????? | | # ### % ??? | | # ### @ % % ??? | | # ### % k % % % g a ??? | | # ### #######+####################/########????? | | ### ##### [ ##?#####??#?? ????????????????? | | ##### ##### """ !##########????????"??Y?#??*???? | | ?#### ##### """ ###?###?#?###???" "????#??????? | | ##### ##### """ ###### ? ? ?""??"??????????? | | ##### ##### ####?# ???? ? ?? #???????? | | ##### ##### ###### ""? ???? ?????????????? | | # ############# ### ""??#?????????????????? | | "" # ## / ##? ""? ?? ?? ??? ????????? | | "" # ## """" ##? ???????#????????????? | | "" + ## " " % """" ###?##+#????#?????????????? | | "" #% ## "R" """" ###?#????? ? ?????????????? | | # ## """ ##??#? ?#??#??????????????? | | ##### ## ###?#?????????????????????? | | #### #####+##########?###????????????????????? | | #### %! ####???#?????????????????????????? | | #### T ! #?#####?###??????????????????????? | | ?### ##?##??####?? ???????????????????? | | #### #####+#########?###??#??????????????????? | | ##### #### #?#???????#????????????????????? | | ##### ####||| "T" #?##????#??????????????????????? | | # ####||| [=##??#?###??????????????????????? | | " # ##?#||| =%##?####?#?#???????????????????!? | +----------------------------------------------------+ Best States ------------- Heat Dissipation 31 Energy Generation 14 Energy Capacity 250 Matter Stores 300 Matter Capacity 300 Sight Range 18 Terrain Scan Range 16 Terrain Scan Density 110 Evasion (%) 55 Offensive Hacking 10 Item Schematics ----------------- None Robot Schematics ------------------ None Fabricated ------------ Nothing Repaired ---------- Nothing Alien Tech Used ----------------- None Achievements -------------- None Challenges ------------ None Game ------ Seed AlertGodPower Manual? 0 Play Time 00:22:47 Cumulative 135.4 hours Start 2025.05.19 @ 22:50:37 End 2025.05.19 @ 23:14:17 Sessions 1 Manual Loads 0 Difficulty Rogue Special Mode None Game No. 202 Rogue 199 Adventurer 3 Explorer 0 Win Type - Total 0 Types 0/0/0/0/0/0/0/0/0/0 Lore% 33 Gallery% 52 Achievement% 42 Wizard Run 0 Options --------- Layout 0 ASCII 0 Keyboard 0 Movement Mouse Keybinds 0 Fullscreen 2 Font 18/SmallcapsGlow Map View 76x50 Zoom Use 0% Tactical HUD 1 Map Filters NONE Filters NONE Steam 1 RUN: 6f27dff5-e9f9-403f-8596-74f48b9e7ba5